 Dungeon Crawl Stone Soup version 0.31-a0-662-g684573625c (webtiles) character file.

Game seed: 2748871040933804783

219 jlumianski the Trooper (level 5, -6/37 (42) HPs)
             Began as a Demonspawn Fighter on Sept 2, 2023.
             Mangled by an orc wizard
             ... wielding a +3 dagger of electrocution
              (8 damage)
             ... on level 3 of the Dungeon.
             The game lasted 00:07:20 (1556 turns).

jlumianski the Trooper (Demonspawn Fighter)         Turns: 1556, Time: 00:07:21

HP:   -6/37 (42)    AC:  7    Str: 19    XL:     5   Next: 64%
MP:   5/5           EV:  9    Int:  9    God:
Gold: 64            SH:  4    Dex: 12    Spells: 4/4 levels left

rFire   + . .        a - +0 war axe
rCold   . . .        c - +0 buckler
rNeg    . . .        b - +0 scale mail
rPois   .            (helmet restricted)
rElec   .            e - scarf {repulsion}
rCorr   .            (no gloves)
SInv    .            (no boots)
Will    .....        (no amulet) Stlth
                     f - ring of protection from fire
HPRegen 0.26/turn    (no ring)
MPRegen 0.18/turn

%: repel missiles
@: heavily drained
A: antennae 2, powered by death 1, magic regeneration
a: no special abilities


You were on level 3 of the Dungeon.
You visited 1 branch of the dungeon, and saw 3 of its levels.
You also visited: Sewer.

You collected 64 gold pieces.

Inventory:

Hand Weapons
 a - a +0 war axe (weapon)
 p - a +4 dagger of draining
Missiles
 g - 27 stones (quivered)
Armour
 b - a +0 scale mail (worn)
 c - a +0 buckler (worn)
 e - a scarf of repulsion (worn)
Jewellery
 f - a ring of protection from fire (left hand)
 s - a ring of protection from fire
Talismans
 k - a serpent talisman
Scrolls
 i - a scroll of enchant armour {unknown}
 m - 2 scrolls of fog {unknown}
 o - a scroll of fear {unknown}
 q - a scroll of teleportation
Potions
 d - a potion of might
 h - 2 potions of brilliance {unknown}
 j - 2 potions of lignification {unknown}
 l - a potion of curing
 n - a potion of mutation {unknown}
 r - a potion of resistance {unknown}


   Skills:
 + Level 3.8 Fighting
 + Level 3.7 Axes
 + Level 3.7 Armour
 - Level 0.9 Dodging
 + Level 3.0 Shields


You had 4 spell levels left.
You didn't know any spells.
Your spell library contained the following spells:

 Spells                   Type           Power      Damage    Failure   Level
 Poisonous Vapours        Pois/Air       0%         N/A       92%         2
 Mephitic Cloud           Conj/Pois/Air  0%         N/A       99%         3
 Freezing Cloud           Conj/Ice/Air   0%         6-21      100%        5


Dungeon Overview and Level Annotations

Branches:
Dungeon (3/15)              Sewer (visited)

Altars:

Annotations:
D:3 3 runed translucent doors, Age's ghost, novice MiFi


Innate Abilities, Weirdness & Mutations

You have a pair of antennae on your head.
You regenerate a little health from kills.
You regenerate magic rapidly.


Message History

Deactivating autopickup; reactivate with Ctrl-A.
Items here: )) [ ††.
The orc attacks as it pursues you! The orc hits you with a +0 dagger.
You slash the orc!
You kill the orc!
You block the orc wizard's attack.
You barely miss the orc wizard.
The orc wizard hits you but does no damage.
You slash the orc wizard!
The orc wizard is heavily wounded.
A bat comes into view.
The orc wizard barely misses you.
The bat moves out of view.
You hit the orc wizard but do no damage.
The orc wizard is heavily wounded.
The orc wizard hits you but does no damage.
You block the orc wizard's attack.
You barely miss the orc wizard.
The orc wizard is heavily wounded.
You block the orc wizard's attack.
You closely miss the orc wizard.
The orc wizard is heavily wounded.
The orc wizard barely misses you.
You slash the orc wizard!
You kill the orc wizard!
The bat misses you. The bat barely misses you.
Your Shields skill increases to level 3!
You closely miss the bat. The bat hits you but does no damage.
The bat completely misses you. The bat hits you but does no damage.
You barely miss the bat. The bat barely misses you.
The bat closely misses you. x2
You barely miss the bat. The bat closely misses you. Something hits you.
You closely miss something. Something hits you.
You barely miss something. Something hits you.
You miss something. Something hits you. Something hits you but does no damage.
You miss something. Something hits you but does no damage.
You are electrocuted!
You hit something but do no damage. Something hits you.
You are electrocuted!
* * * LOW HITPOINT WARNING * * *
You closely miss something. You block something's attack.
Something hits you but does no damage.
You are electrocuted!
You die...

#.#..P..... #..
#.#..#'##.. # #..
#....#.)#P. #.#{. {
###..#..#.. ##.#..
#..####.. .#!....
#....P... .......,
##........
#.....#########........#
#...b{@........#####.##
###.###.######## #.## #
#.# ##.## #.#
#######...# #.#
#.......... #.#
#.......... ...
............ #.#
##.........† #.........<


You could see a bat.

Vanquished Creatures
  Pargi (Sewer)
  An orc wizard (D:3)
  2 adders
  A river rat (D:3)
  A worm (D:3)
  A dart slug (D:1)
  3 orcs (D:3)
  9 ball pythons
  5 bats
  6 endoplasms
  4 giant cockroaches
  4 goblins
  4 hobgoblins
  2 jackals (D:1)
  3 kobolds
  5 quokkas (D:1)
  7 frilled lizards
  8 rats
67 creatures vanquished.

Notes
Turn   | Place    | Note
-------+----------+-------------------------------------------
     0 | D:1      | jlumianski the Demonspawn Fighter began the quest for the
                  | Orb.
     0 | D:1      | Reached XP level 1. HP: 18/18 MP: 1/1
   100 | D:1      | Gained mutation: You regenerate magic rapidly. [demonic
                  | ancestry]
   100 | D:1      | Reached XP level 2. HP: 24/24 MP: 2/2
   262 | D:1      | Discovered your monstrous ancestry.
   262 | D:1      | Gained mutation: You have a pair of small antennae on your
                  | head. [demonic ancestry]
   262 | D:1      | Reached XP level 3. HP: 25/29 MP: 3/3
   674 | D:1      | Found a faded altar of an unknown god.
  1078 | D:3      | Gained mutation: You have a pair of antennae on your head.
                  | [demonic ancestry]
  1078 | D:3      | Reached XP level 4. HP: 35/35 MP: 4/4
  1103 | D:3      | Found a glowing drain.
  1110 | Sewer    | Entered a sewer
  1303 | Sewer    | Noticed Pargi
  1313 | Sewer    | Killed Pargi
  1314 | Sewer    | Gained mutation: You regenerate a little health from kills.
                  | [demonic ancestry]
  1314 | Sewer    | Reached XP level 5. HP: 31/41 MP: 5/5
  1392 | D:3      | Found a runed translucent gate.
  1392 | D:3      | Noticed Age's ghost (novice MiFi)
  1392 | D:3      | Identified the +7 mace of Eternity {venom, rElec MP-9 Str+2
                  | Dex+2}
  1393 | D:3      | Found a runed translucent gate.
  1394 | D:3      | Found a runed translucent gate.
  1556 | D:3      | Mangled by an orc wizard

Illustrated notes

Levels and vault maps discovered:
D:1:      dpeg_arrival_rooms_a, layout_loops_ring,
          ebering_ecumenical_altar_rust, minmay_circled_x
D:2:      layout_loops_corners, basic_altar, dk_noncrumbling_4,
          kennysheep_generic_room_8
D:3:      layout_loops_ring, gup_sewer_entry_bubbles,
          biasface_ghost_orc_armoury, corexii_shack

Skill      XL: |  1  2  3  4  5 |
---------------+----------------+-----
Axes           | 2 3 |  3.7
Armour         | 3 |  3.7
Shields        | 3 |  3.0
Fighting       | |  3.8
Dodging        | |  0.9

Action                     |  1- 3 |  4- 6 || total
---------------------------+-------+-------++-------
  Melee: War axe           |   129 |   102 ||   231
    Use: Scroll            |     2 |       ||     2
         Potion            |       |     1 ||     1
 Armour: Scale mail        |    92 |    86 ||   178
  Dodge: Dodged            |    77 |    53 ||   130
         Repelled          |     2 |       ||     2
  Block: Buckler           |    28 |    21 ||    49

Table legend: (Time is in decaauts)
 A = Elapsed time spent in this place.
 B = Non-inter-level travel time spent in this place.
 C = Inter-level travel time spent in this place.
 D = Time resting spent in this place.
 E = Time spent auto-exploring this place.
 F = Levels seen in this place.
 G = Mean time per level.
                   A        B        C        D        E       F      G
               +--------+--------+--------+--------+--------+-----+--------+
         Total |   1706 |   1683 |     23 |     62 |    634 |   4 |  426.5 |
       Dungeon |   1435 |   1412 |     23 |      0 |    568 |   3 |  478.3 |
         Sewer |    270 |    270 |      0 |     62 |     66 |   1 |  270.0 |
               +--------+--------+--------+--------+--------+-----+--------+

Top non-repeatable levels by time:
     D:1: 918 daAuts
     D:3: 343 daAuts
   Sewer: 270 daAuts
     D:2: 173 daAuts
